General information
			
			
        
        - name: BNet
 
        - type: Ladder team game (AT/RT)
 
        - host: Battle.net
 
        - saver: BEAR_AND
 
        
map: TurtleRock 
        - players: 4
 
        - length: 06:08
 
        - speed: Fast
 - version: 1.21 W3XP
 - replay type:  

 
» download(23 KB)
Players
        team 1 (loser) 
              
              
niplepinchy (
red | 39 APM | 240 actions | 06:06)
              
 1 Far Seer 
 1 Feral Spirit
 
                » actions 
                
                | Assign group hotkey | 5 |  | 
| Basic commands | 26 |  | 
| Build / train | 15 |  | 
| Enter build submenu | 8 |  | 
| Enter hero's abilities submenu | 1 |  | 
| Right click | 76 |  | 
| Select / deselect | 68 |  | 
| Select group hotkey | 26 |  | 
| Use ability | 15 |  | 
                240 total
 » units 
                » buildings
                
                | Altar of Storms | 1 |  | 
| Orc Burrow | 4 |  | 
| Barracks | 1 |  | 
| War Mill | 1 |  | 
                7 total
 » build order
                00:05 Altar of Storms
00:07 Orc Burrow
00:27 Barracks
01:48 Orc Burrow
01:53 Orc Burrow
02:34 War Mill
05:06 Orc Burrow
 
               
              
              
spazy (
yellow | 17 APM | 81 actions | 04:42)
              
 1 Far Seer 
 1 Feral Spirit
 
                » actions 
                
                | Build / train | 16 |  | 
| Enter build submenu | 5 |  | 
| Enter hero's abilities submenu | 1 |  | 
| Right click | 10 |  | 
| Select / deselect | 42 |  | 
| Use ability | 7 |  | 
                81 total
 » units 
                
                | Peon | 4 |  | 
| Troll Headhunter/Berserker | 10 |  | 
                14 total
 » buildings
                
                | Altar of Storms | 1 |  | 
| Orc Burrow | 1 |  | 
| Barracks | 1 |  | 
| War Mill | 1 |  | 
                4 total
 » build order
                00:05 Altar of Storms
00:10 Orc Burrow
00:30 Barracks
01:53 War Mill
 
               team 2 (winner) 
              
              
BEAR_AND (
pink | 72 APM | 445 actions | 06:08)
              
 2 Archmage 
 1 Summon Water Elemental
 1 Brilliance Aura
 
                » actions 
                
                | Assign group hotkey | 2 |  | 
| Basic commands | 5 |  | 
| Build / train | 30 |  | 
| Enter build submenu | 8 |  | 
| Enter hero's abilities submenu | 2 |  | 
| Right click | 264 |  | 
| Select / deselect | 109 |  | 
| Use ability | 25 |  | 
                445 total
 » units 
                » buildings
                
                | Farm | 4 |  | 
| Altar of Kings | 1 |  | 
| Scout Tower | 1 |  | 
| Arcane Tower | 1 |  | 
| Lumber Mill | 1 |  | 
                8 total
 » build order
                00:08 Farm
00:24 Altar of Kings
00:32 Farm
01:12 Farm
01:57 Farm
03:43 Scout Tower
04:13 Arcane Tower
04:41 Lumber Mill
 
               
              
              
dirtmcWORDup (
teal | 71 APM | 434 actions | 06:07)
              
 1 Demon Hunter 
 1 Mana Burn
 
                » actions 
                
                | Assign group hotkey | 1 |  | 
| Basic commands | 1 |  | 
| Build / train | 18 |  | 
| ESC pressed | 2 |  | 
| Enter build submenu | 5 |  | 
| Enter hero's abilities submenu | 1 |  | 
| Give item / drop item | 1 |  | 
| Right click | 257 |  | 
| Select / deselect | 80 |  | 
| Select group hotkey | 40 |  | 
| Use ability | 28 |  | 
                434 total
 » units 
                » buildings
                
                | Altar of Elders | 1 |  | 
| Moon Well | 2 |  | 
| Tree of Life | 1 |  | 
| Tree of Ages | 1 |  | 
| Hunter's Hall | 1 |  | 
                6 total
 » build order
                00:16 Altar of Elders
00:26 Moon Well
00:56 Tree of Life
05:06 Tree of Ages
05:54 Hunter's Hall
05:57 Moon Well
 
                Chat log
          
(03:48 / All) niplepinchy: now i know why you guys win
(03:54 / All) niplepinchy: cause your cheap bastards
(04:04 / All) BEAR_AND: hey
(04:44 / All) BEAR_AND: gg lmao
(05:10 / All) BEAR_AND: hahhahaha you have no base
(05:14 / All) BEAR_AND: & we have instant expo
(05:15 / All) BEAR_AND: begone
(06:04 / All) niplepinchy: wow your sooo fucking cheap learn how to play